AoeStats
← RAE1994

Highland

504740199Analyzed
4v4 RM · 24d ago on Sep 6, 2026· 71m 10s· 8 players
Game mode
Random Map
Map size
Large (8 player)
Population
200
Speed
Normal
Resources
Standard
Victory
Conquest
Starting age
Dark Age
Ending age
Imperial Age
RankedLock teamsTeams togetherTeam positionsShared explorationLock speedFull tech treeHidden civsTurbo modeCheats
Victory
Defeat
🇨🇳 Magyars · China
837
+15
🇧🇷 Ethiopians · Brazil
831
+16
🇭🇷 Wu · Croatia
824
+16
🇩🇪 Saracens · Germany
821
+16
🇬🇧 Ethiopians · United Kingdom
901
-19
🇦🇺 Gurjaras · Australia
806
-15
🇩🇪 Franks · Germany
801
-15
🇬🇧 Spanish · United Kingdom
784
-14
pedrohsouthier
0:32 Loom
12:25 Feudal Age
13:02 Double-Bit Axe
12:59 Horse Collar
21:32 Castle Age
20:47 Fletching
20:56 Gold Mining
32:43 Imperial Age
31:37 Padded Archer Armor
32:09 Bow Saw
33:03 Crossbowman
34:09 Ballistics
34:50 Chemistry
33:50 Bodkin Arrow
33:54 Town Watch
34:45 Wheelbarrow
39:54 Heavy Plow
40:30 Royal Heirs
39:53 Elite Shotel Warrior
40:45 Thumb Ring
41:58 Arbalester
43:03 Hand Cart
43:49 Bracer
45:15 Halberdier
56:24 Leather Archer Armor
56:21 Forging
56:11 Scale Mail Armor
56:22 Caravan
60:13 Chain Mail Armor
60:46 Iron Casting
61:27 Elite Skirmisher
AlfioBang
7:59 Loom
11:49 Feudal Age
12:15 Double-Bit Axe
13:14 Wheelbarrow
20:08 Castle Age
22:08 Bow Saw
22:16 Caravan
23:41 Stone Mining
25:36 Horse Collar
29:26 Gold Mining
29:55 Hand Cart
30:02 Heavy Plow
29:48 Treadmill Crane
30:14 Murder Holes
31:30 Squires
31:16 Arson
36:14 Imperial Age
35:15 Red Cliffs Tactics
36:22 Forging
36:03 Fletching
36:19 Padded Archer Armor
36:31 Forging
36:21 Scale Mail Armor
37:18 Gold Shaft Mining
37:19 Conscription
38:52 Chemistry
38:13 Ballistics
38:43 Bodkin Arrow
39:04 Leather Archer Armor
39:32 Heated Shot
39:53 Masonry
41:30 Two-Man Saw
41:04 Bracer
41:40 Iron Casting
41:20 Chain Mail Armor
42:09 Fervor
42:17 Sitting Tiger
42:22 Elite Fire Archer
44:08 Blast Furnace
44:50 Plate Mail Armor
52:09 Elite Skirmisher
59:46 Husbandry
60:29 Guard Tower
61:11 Architecture
63:49 Keep
63:07 Pikeman
66:25 Bloodlines
65:36 Heavy Hei Guang Cavalry
SCON
2:42 Loom
11:34 Feudal Age
20:32 Castle Age
19:20 Double-Bit Axe
19:19 Horse Collar
19:48 Gold Mining
21:57 Heavy Plow
22:09 Bow Saw
21:56 Stone Mining
23:26 Wheelbarrow
23:36 Wheelbarrow
29:53 Gold Shaft Mining
33:36 Imperial Age
33:56 Fletching
34:06 Padded Archer Armor
34:12 Scale Barding Armor
34:20 Masonry
34:30 Ballistics
33:34 Light Cavalry
34:24 Bloodlines
34:15 Husbandry
34:44 Husbandry
35:39 Crop Rotation
36:13 Thumb Ring
36:34 Parthian Tactics
35:30 Heavy Cavalry Archer
36:35 Hussar
39:43 Two-Man Saw
38:55 Bodkin Arrow
39:17 Leather Archer Armor
39:23 Chain Barding Armor
40:33 Conscription
40:24 Recurve Bow
43:14 Chemistry
42:18 Bracer
42:48 Ring Archer Armor
42:54 Plate Barding Armor
47:18 Recurve Bow
48:58 Hand Cart
48:56 Caravan
71:29 Conscription
dadiron
0:34 Loom
13:18 Feudal Age
19:01 Castle Age
18:16 Double-Bit Axe
18:15 Horse Collar
20:43 Wheelbarrow
19:54 Town Watch
20:46 Bow Saw
32:01 Imperial Age
29:54 Hand Cart
31:50 Heavy Plow
31:59 Squires
31:20 Pikeman
32:20 Forging
32:16 Scale Barding Armor
32:02 Fletching
32:20 Elite Mameluke
34:48 Two-Man Saw
34:23 Conscription
35:18 Bloodlines
34:31 Light Cavalry
35:12 Husbandry
35:23 Elite Skirmisher
36:49 Scale Mail Armor
37:25 Iron Casting
37:24 Padded Archer Armor
37:21 Bodkin Arrow
38:48 Caravan
38:12 Hussar
38:54 Man-at-Arms
39:20 Gambesons
41:08 Capped Ram
43:01 Chain Barding Armor
43:43 Blast Furnace
43:42 Thumb Ring
43:01 Long Swordsman
44:02 Counterweights
44:42 Bimaristan
46:22 Fortified Wall
47:13 Chemistry
45:50 Siege Ram
47:31 Plate Barding Armor
46:57 Bracer
47:11 Onager
59:57 Two-Handed Swordsman
61:51 Gold Mining
61:53 Stone Mining
67:28 Champion
RAE1994
0:30 Loom
14:21 Feudal Age
16:00 Wheelbarrow
26:12 Castle Age
25:21 Double-Bit Axe
29:25 Squires
29:38 Forging
29:29 Scale Mail Armor
29:17 Crossbowman
35:11 Fletching
35:21 Padded Archer Armor
35:57 Iron Casting
35:37 Chain Mail Armor
39:55 Imperial Age
37:42 Hand Cart
40:48 Royal Heirs
42:24 Chemistry
41:24 Gold Mining
41:30 Stone Mining
42:14 Bow Saw
42:43 Thumb Ring
43:19 Bodkin Arrow
42:58 Arbalester
43:58 Leather Archer Armor
44:35 Elite Shotel Warrior
47:27 Blast Furnace
46:59 Plate Mail Armor
49:01 Bracer
53:35 Ring Archer Armor
56:49 Fortified Wall
64:33 Elite Skirmisher
nosound
0:33 Loom
12:02 Feudal Age
12:44 Double-Bit Axe
12:51 Gold Mining
12:52 Stone Mining
12:52 Town Watch
14:11 Wheelbarrow
23:51 Castle Age
23:27 Forging
23:18 Scale Mail Armor
23:24 Scale Barding Armor
24:53 Hand Cart
25:07 Bow Saw
25:27 Husbandry
27:24 Iron Casting
32:00 Town Patrol
32:49 Chain Mail Armor
34:09 #83
34:57 Chain Barding Armor
35:26 Gold Shaft Mining
36:03 Caravan
38:06 Padded Archer Armor
37:56 Fletching
38:19 Fortified Wall
40:48 Imperial Age
39:48 Coinage
40:52 Cavalier
42:35 Blast Furnace
42:05 Plate Mail Armor
42:49 Plate Barding Armor
43:01 Banking
43:30 Paladin
48:30 Guard Tower
50:56 Bodkin Arrow
51:38 Elite Skirmisher
64:51 Pikeman
65:32 Squires
69:26 Arson
adz0615
11:13 Feudal Age
10:14 Loom
11:36 Fishing Lines
11:58 Double-Bit Axe
14:33 Horse Collar
23:56 Castle Age
23:25 Stone Mining
25:03 Pikeman
28:44 Bow Saw
29:05 Gold Mining
30:52 Squires
32:38 Stone Shaft Mining
44:18 Imperial Age
42:18 Gillnets
42:54 Caravan
45:48 Conscription
47:21 Two-Man Saw
46:27 Cavalier
49:00 Chemistry
48:11 Fortified Wall
48:57 Husbandry
59:36 Light Cavalry
gibbo13322
5:11 Loom
10:00 Feudal Age
12:25 Horse Collar
13:53 Double-Bit Axe
19:58 Castle Age
18:12 Stone Mining
20:03 Gold Mining
20:40 Forging
20:31 Scale Mail Armor
25:04 Heavy Plow
27:32 Wheelbarrow
28:26 Bow Saw
29:19 Gold Shaft Mining
30:11 Hand Cart
30:16 Fortified Wall
30:57 Town Watch
32:56 Iron Casting
32:38 Chain Mail Armor
35:46 Imperial Age
37:12 Crop Rotation
37:18 Kshatriyas
37:07 Heavy Camel Rider
38:00 Bloodlines
37:52 Husbandry
38:26 Conscription
38:46 Plate Mail Armor
41:23 Caravan
41:30 Siege Elephant
41:33 Elite Chakram Thrower
43:03 Scale Barding Armor
Connection lost

Rejoining the realm…

Still unreachable

The connection could not be restored.

Session expired

The server has moved on; the page needs a fresh start.